AoeStats
← Wes

MegaRandom

510095831Analyzed
4v4 RM · 2d ago on Sep 29, 2026· 71m 27s· 8 players
Game mode
Random Map
Map size
Large (8 player)
Population
200
Speed
Normal
Resources
Standard
Victory
Conquest
Starting age
Dark Age
Ending age
Imperial Age
RankedLock teamsTeams togetherTeam positionsShared explorationLock speedFull tech treeHidden civsTurbo modeCheats
Victory
Defeat
🇭🇰 Chinese · Hong Kong SAR China
1395
+13
🇭🇰 Saxons · Hong Kong SAR China
1381
+13
🇭🇰 Koreans · Hong Kong SAR China
1377
+13
🇭🇰 Franks · Hong Kong SAR China
1370
+14
🇵🇱 Dravidians · Poland
1347
-14
🇨🇳 Magyars · China
1324
-13
🇨🇳 Khmer · China
1320
-13
🇧🇦 Teutons · Bosnia & Herzegovina
1311
-13
mama_adisona
10:46 Feudal Age
14:19 Castle Age
12:45 Double-Bit Axe
13:40 Loom
14:13 Fletching
15:55 Bow Saw
17:59 Crossbowman
21:57 Wheelbarrow
22:36 Horse Collar
22:56 Town Watch
23:44 Bodkin Arrow
25:33 Ballistics
27:16 Pikeman
27:56 Squires
28:03 Scale Mail Armor
28:13 Forging
30:11 Chain Mail Armor
35:10 Imperial Age
32:53 Padded Archer Armor
35:39 Hand Cart
34:50 Man-at-Arms
35:15 Gambesons
36:08 Iron Casting
35:45 Long Swordsman
36:54 Two-Handed Swordsman
38:49 Conscription
38:36 Champion
41:43 Wootz Steel
41:38 Elite Skirmisher
42:38 Leather Archer Armor
43:02 Bracer
随机便投
7:25 Loom
13:14 Feudal Age
16:10 Castle Age
15:55 Horse Collar
16:03 Double-Bit Axe
16:10 Stone Mining
18:54 Wheelbarrow
22:07 Hand Cart
27:12 Heavy Plow
27:05 Gold Mining
28:34 Gold Shaft Mining
33:34 Imperial Age
31:51 Stone Shaft Mining
31:57 Bow Saw
33:13 Tusk Swords
33:44 Scale Barding Armor
33:50 Forging
34:44 Fortified Wall
34:30 Murder Holes
35:37 Chemistry
34:10 Elite Ballista Elephant
36:30 Crop Rotation
36:04 Double Crossbow
36:26 Conscription
36:49 Hoardings
36:37 Chain Barding Armor
36:26 Siege Engineers
37:12 Ballistics
37:59 Plate Barding Armor
37:48 Caravan
41:39 Iron Casting
40:55 Light Cavalry
41:46 Bloodlines
41:36 Husbandry
44:42 Blast Furnace
43:05 Hussar
52:07 Coinage
53:20 Banking
1godi
11:40 Loom
13:29 Feudal Age
16:14 Double-Bit Axe
20:31 Castle Age
20:09 Horse Collar
20:32 Gold Mining
25:46 Bow Saw
26:01 Stone Mining
28:24 Wheelbarrow
28:34 Fletching
28:07 Crossbowman
33:44 Scale Mail Armor
33:57 Heavy Plow
34:47 Stone Shaft Mining
37:24 Hand Cart
38:11 Scale Mail Armor
38:22 Forging
38:58 Forging
39:19 Chain Mail Armor
39:29 Chain Mail Armor
42:51 Imperial Age
41:14 Iron Casting
41:02 Pikeman
SkullBump
10:35 Loom
12:21 Feudal Age
13:24 Horse Collar
14:45 Double-Bit Axe
18:54 Castle Age
20:34 Heavy Plow
20:56 Bow Saw
25:07 Wheelbarrow
25:35 Stone Mining
25:37 Gold Mining
28:26 Hand Cart
29:19 Gold Shaft Mining
32:36 Imperial Age
30:34 Scale Barding Armor
30:18 Treadmill Crane
31:05 Corvinian Army
31:52 Chain Barding Armor
32:07 Fletching
32:14 Murder Holes
32:29 Masonry
33:47 Conscription
34:06 Plate Barding Armor
33:48 Bloodlines
33:39 Husbandry
34:10 Husbandry
34:08 Bodkin Arrow
35:12 Crop Rotation
35:11 Ballistics
34:33 Elite Magyar Huszar
36:54 Bracer
39:50 Two-Man Saw
39:57 Siege Engineers
40:53 Chemistry
41:26 Hoardings
41:36 Coinage
46:39 Light Cavalry
47:26 Hussar
52:01 Banking
Wes
8:41 Loom
10:43 Feudal Age
10:50 Man-at-Arms
11:40 Double-Bit Axe
11:43 Loom
12:13 Arson
12:58 Horse Collar
21:21 Castle Age
21:25 Scale Mail Armor
22:42 Chain Mail Armor
22:34 Squires
22:45 Forging
22:34 Gold Mining
22:59 Bow Saw
28:25 Wheelbarrow
28:51 Heavy Plow
30:50 Hand Cart
30:20 Town Watch
32:48 Stone Mining
36:17 Imperial Age
34:51 Iron Casting
34:06 Fletching
34:22 Scale Barding Armor
34:32 Gambesons
34:56 Pikeman
35:38 Treadmill Crane
36:08 Masonry
36:13 Bodkin Arrow
36:29 Elite Varangian Guard
37:45 Conscription
37:55 Plate Mail Armor
37:34 Shield Wall
38:51 Caravan
40:51 Long Swordsman
42:37 Chemistry
42:08 Architecture
41:44 Siege Engineers
43:11 Gold Shaft Mining
46:00 Bracer
46:20 Chain Barding Armor
46:21 Ballistics
45:52 Heated Shot
45:47 Arrowslits
45:53 Guard Tower
46:14 Halberdier
46:48 Clerical Recruitment
53:57 Sappers
55:58 Town Patrol
58:57 Onager
71:08 Two-Man Saw
70:39 Crop Rotation
kitty仔
8:40 Loom
12:13 Feudal Age
12:59 Double-Bit Axe
20:44 Castle Age
19:25 Gold Mining
20:10 Stone Mining
21:57 Horse Collar
22:30 Bow Saw
25:05 Wheelbarrow
25:13 Fletching
27:50 Heavy Plow
29:12 Hand Cart
34:29 Imperial Age
32:09 Scale Mail Armor
32:20 Forging
32:15 Scale Barding Armor
32:12 Squires
32:50 Murder Holes
33:07 Crossbowman
33:53 Thumb Ring
34:30 Gold Shaft Mining
34:31 Stone Shaft Mining
34:46 Husbandry
34:07 Light Cavalry
35:15 Elite Skirmisher
36:19 Chain Mail Armor
36:57 Bodkin Arrow
37:32 Plate Mail Armor
37:38 Iron Casting
36:25 Man-at-Arms
36:48 Capped Ram
38:24 Conscription
37:39 Pikeman
38:06 Arson
39:39 Two-Man Saw
38:40 Caravan
39:05 Bracer
38:56 Arrowslits
39:28 Fortified Wall
39:41 Ballistics
39:50 Halberdier
41:09 Chain Barding Armor
41:12 Eupseong
41:26 Elite War Wagon
44:39 Chemistry
50:33 Treadmill Crane
50:59 Siege Engineers
KA MING
9:00 Loom
11:06 Feudal Age
16:23 Castle Age
15:04 Double-Bit Axe
16:13 Scale Barding Armor
25:16 Gold Mining
26:45 Wheelbarrow
26:02 Town Watch
26:10 Stone Mining
26:59 Gold Shaft Mining
31:35 Hand Cart
31:31 Husbandry
31:53 Chain Barding Armor
31:52 Forging
32:16 Town Patrol
35:16 Imperial Age
34:07 Iron Casting
33:20 Treadmill Crane
34:00 Ballistics
34:03 Bow Saw
34:44 Scale Mail Armor
34:58 Masonry
35:01 Squires
34:46 Arson
34:48 Gambesons
34:34 Ordonnance Companies
35:32 Caravan
36:24 Conscription
37:17 Blast Furnace
36:33 Chain Mail Armor
36:44 Elite Throwing Axeman
38:03 Fletching
38:47 Architecture
39:45 Plate Mail Armor
39:48 Chivalry
39:56 Chivalry
40:34 Plate Barding Armor
40:59 Bodkin Arrow
42:06 Chemistry
45:02 Cavalier
46:34 Paladin
57:15 Light Cavalry
Stanleyip29
0:42 Loom
11:08 Feudal Age
11:41 Double-Bit Axe
22:08 Castle Age
20:38 Scale Barding Armor
20:33 Gold Mining
20:25 Horse Collar
21:08 Bloodlines
22:52 Forging
23:22 Chain Barding Armor
23:50 Bow Saw
27:51 Heavy Plow
30:05 Husbandry
30:42 Wheelbarrow
32:05 Hand Cart
32:35 Gold Shaft Mining
32:10 Town Watch
33:08 Iron Casting
35:11 Fletching
37:57 Imperial Age
35:57 Ballistics
35:47 Masonry
36:00 Stone Mining
38:08 Bodkin Arrow
38:18 Crossbowman
39:04 Thumb Ring
39:30 Caravan
39:04 Arbalester
40:07 Bracer
40:08 Padded Archer Armor
41:11 Chemistry
40:42 Architecture
40:40 Conscription
45:07 Leather Archer Armor
47:07 Fortified Wall
49:13 Heavy Rocket Cart
50:20 Squires
50:25 Pikeman
51:29 Scale Mail Armor
53:22 Chain Mail Armor
59:54 Halberdier
64:06 Rocketry
Connection lost

Rejoining the realm…

Still unreachable

The connection could not be restored.

Session expired

The server has moved on; the page needs a fresh start.